 Dungeon Crawl Stone Soup version 0.21.1-1-g345015f (webtiles) character file.

731 Fang the Chopper (level 7, -11/44 HPs)
             Began as a Gargoyle Berserker on May 18, 2018.
             Was a Priest of Trog.
             Mangled by an ogre
             ... wielding a +0 giant club
              (28 damage)
             ... on level 4 of the Dungeon.
             The game lasted 00:05:44 (4454 turns).

Fang the Chopper (Gargoyle Berserker)               Turns: 4454, Time: 00:05:44

Health: -11/44     AC:  9    Str: 23    XL:     7   Next: 73%
Magic:  7/7        EV: 13    Int:  7    God:    Trog [***...]
Gold:   272        SH:  0    Dex:  9    Spells: 6/6 levels left

rFire    . . .     SeeInvis .   e - +10 mace "Orraige" {freeze, rF+}
rCold    + . .     Gourm    .   (no shield)
rNeg     + . .     Faith    .   v - +2 robe {MR+}
rPois    ∞         Spirit   .   (no helmet)
rElec    +         Reflect  .   (no cloak)
rCorr    .         Harm     .   (no gloves)
MR       +....                  (no boots)
Stlth    ++........             m - amulet of rage
HPRegen  0.14/turn              j - ring of ice
MPRegen  0.10/turn              (no ring)

@: no status effects
A: negative energy resistance 1, electricity resistance, unbreathing,
petrification resistance, rot immunity, AC +4
a: Berserk, Trog's Hand, Burn Spellbooks, Renounce Religion, Evoke Berserk Rage


You were on level 4 of the Dungeon.
You worshipped Trog.
Trog was most pleased with you.
You were not hungry.

You visited 1 branch of the dungeon, and saw 4 of its levels.

You collected 272 gold pieces.

Inventory:

Hand Weapons
 a - a +1 hand axe
 e - the +10 mace "Orraige" (weapon) {freeze, rF+}
   (You found it on level 4 of the Dungeon)

   It has been specially enchanted to freeze those struck by it, causing extra
   injury to most foes and up to half again as much damage against particularly
   susceptible opponents.
   It can also slow down cold-blooded creatures.
   It protects you from fire.
Missiles
 s - 2 javelins (quivered)
Armour
 v - a +2 robe of magic resistance (worn)
Jewellery
 j - a ring of ice (left hand)
 m - an amulet of rage (around neck)
Wands
 q - a wand of polymorph (11)
Scrolls
 f - 3 scrolls of remove curse
Potions
 d - 2 potions of flight
 h - 3 potions of heal wounds {unknown}
 l - a potion of ambrosia
 n - 2 potions of berserk rage
 o - a potion of curing
 r - a potion of lignification {unknown}
Comestibles
 b - 4 chunks of flesh
 c - 7 rations


   Skills:
 + Level 4.9 Fighting
 + Level 5.6(5.7) Axes
 + Level 1.5(4.2) Maces & Flails
 + Level 2.4 Armour
 + Level 3.6 Dodging
 + Level 2.7 Stealth


You had 6 spell levels left.
You didn't know any spells.

Dungeon Overview and Level Annotations

Branches:
Dungeon (4/15)             Temple (0/1) D:4

Altars:
Okawaru
Sif Muna

Annotations:
D:4 1 runed door


Innate Abilities, Weirdness & Mutations

You are resistant to torment.
Your stone body is resilient. (AC +4)
You are immune to poison.
You resist negative energy. (rN+)
You are resistant to electric shocks. (rElec)
You can survive without breathing.
You are immune to petrification.
You are immune to rotting.


Message History

The ogre shouts!
The howler monkey skeleton misses you.
Things that are here:
a giant cockroach corpse; a scorpion corpse Unknown command.
You barely miss the howler monkey skeleton.
The howler monkey skeleton is moderately damaged.
The howler monkey skeleton hits you but does no damage.
Unknown command.
You bludgeon the howler monkey skeleton!!
You freeze the howler monkey skeleton.
You destroy the howler monkey skeleton!
Trog accepts your kill.
You're still recovering from your berserk rage.
The ogre hits you with a giant club!
You barely miss the ogre.
You recover from your berserk rage.
The ogre hits you with a giant club!!
Ouch! That really hurt!
You die...

*.>.,,*####....# #.
*****#'########'###
#. *,,,,#..........#
#. **,#.*#..........#
#. *,,...#..........#
#. *,,..............#
#.
*,,,#......#####'#***
##
*,..#.####.........,*
*,......O@†.........*
**###.#.............#
*,#......(?.....#***
*,#.?.........,,,,,**
*,#.......####****,,*
*,........# **,*
*##.......# *,*
####....# *,**
*,,,,*********,,,


You could see an ogre.

Vanquished Creatures
  The ghost of AkioCrescent the Slasher, an amateur MfMo of Fedhas (D:4)
  A scorpion (D:4)
  A howler monkey (D:2)
  A bullfrog skeleton (D:4)
  Jessica (D:2)
  Terence (D:2)
  2 iguanas (D:4)
  2 orc wizards
  A worker ant (D:4)
  A howler monkey skeleton (D:4)
  7 gnolls
  3 adders
  3 oozes
  A worm (D:2)
  5 dart slugs
  5 leopard geckos
  9 orcs
  4 giant cockroaches
  9 goblins
  13 hobgoblins
  5 jackals
  4 quokkas
  2 ball pythons (D:3)
  9 bats
  6 frilled lizards
  8 kobolds
  A leopard gecko skeleton (D:4)
  6 rats
112 creatures vanquished.

Notes
Turn   | Place    | Note
-------+----------+-------------------------------------------
     0 | D:1      | Fang the Gargoyle Berserker began the quest for the Orb.
     0 | D:1      | Reached XP level 1. HP: 14/14 MP: 1/1
   188 | D:1      | Reached XP level 2. HP: 14/19 MP: 2/2
   372 | D:1      | Reached skill level 3 in Axes
   648 | D:1      | Reached XP level 3. HP: 17/23 MP: 3/3
  1540 | D:2      | Reached ** piety under Trog
  1642 | D:2      | Reached XP level 4. HP: 16/29 MP: 4/4
  1652 | D:2      | Noticed Terence
  1654 | D:2      | Noticed Jessica
  1675 | D:2      | Killed Terence
  1950 | D:2      | Killed Jessica
  1950 | D:2      | Reached skill level 4 in Axes
  1950 | D:2      | Reached XP level 5. HP: 33/33 MP: 5/5
  2042 | D:2      | Reached skill level 1 in Stealth
  2590 | D:3      | Reached XP level 6. HP: 27/38 MP: 6/6
  2768 | D:3      | Found an iron altar of Okawaru.
  2975 | D:3      | Reached *** piety under Trog
  3986 | D:4      | Reached skill level 5 in Axes
  4179 | D:4      | Found a deep blue altar of Sif Muna.
  4274 | D:4      | Found a runed door.
  4279 | D:4      | Got a crystal mace
  4280 | D:4      | Identified the +10 mace "Orraige" {freeze, rF+} (You found it on level 4 of the Dungeon)
  4397 | D:4      | Noticed AkioCrescent's ghost (amateur MfMo)
  4409 | D:4      | Killed AkioCrescent's ghost
  4409 | D:4      | Reached skill level 1 in Maces & Flails
  4409 | D:4      | Reached XP level 7. HP: 44/44 MP: 7/7
  4454 | D:4      | Mangled by an ogre

Skill      XL: |  1  2  3  4  5  6 |
---------------+-------------------+-----
Axes           | 3 4 5 |  5.6
Dodging        | 2 3 |  3.6
Stealth        | 1 2 |  2.7
Fighting       | 4 |  4.9
Maces & Flails | 1 |  1.5
Armour         | |  2.4

Action                   |  1- 3 |  4- 6 |  7- 9 || total
-------------------------+-------+-------+-------++-------
Melee: Hand axe          |   122 |   209 |       ||   331
       Mace              |       |    12 |    17 ||    29
Invok: Berserk           |     1 |     6 |       ||     7
  Use: Scroll            |       |    11 |       ||    11
 Stab: Sleeping          |     1 |     2 |       ||     3
  Eat: Chunk             |     3 |    14 |     1 ||    18
Armor: Animal skin       |    48 |    98 |       ||   146
       Robe              |       |    10 |    10 ||    20
Dodge: Dodged            |    97 |   168 |     6 ||   271
